 Dungeon Crawl Stone Soup version 0.23-a0-49-gd9f7a49 (webtiles) character file.

17 Amnesiac the Gusty (level 2, 0/19 HPs)
             Began as a Mummy Air Elementalist on Aug 7, 2018.
             Slain by an adder (5 damage)
             ... on level 4 of the Dungeon.
             The game lasted 00:01:38 (429 turns).

Amnesiac the Gusty (Mummy Air Elementalist)          Turns: 429, Time: 00:01:39

Health: 0/19       AC:  2    Str: 11    XL:     2   Next: 44%
Magic:  6/6        EV: 12    Int: 14    God:
Gold:   14         SH:  0    Dex: 12    Spells: 6/7 levels left

rFire    x . .     SeeInvis .   a - +0 whip (freeze)
rCold    + . .     Gourm    .   (no shield)
rNeg     + + +     Faith    .   b - +0 robe
rPois    ∞         Spirit   .   (no helmet)
rElec    .         Reflect  .   (no cloak)
rCorr    .         Harm     .   (no gloves)
MR       .....                  (no boots)
Stlth    ++........             (no amulet)
HPRegen  0.06/turn              (no ring)
MPRegen  0.10/turn              (no ring)

@: no status effects
A: no food or potions, fire vulnerability, cold resistance 1, negative energy
resistance 3, torment resistance, unbreathing
a: no special abilities


You were on level 4 of the Dungeon.
You were not hungry.

You visited 1 branch of the dungeon, and saw 4 of its levels.

You collected 14 gold pieces.

Inventory:

Hand Weapons
 a - a +0 whip of freezing (weapon)
Armour
 b - a +0 robe (worn)
Scrolls
 c - 2 scrolls of teleportation {!r}


   Skills:
 - Level 1.5 Dodging
 - Level 1.5 Stealth
 + Level 3.0 Spellcasting
 - Level 0.7 Conjurations
 * Level 3.0 Air Magic


You had 6 spell levels left.
You knew the following spells:

 Your Spells              Type           Power        Failure   Level  Hunger
w - Shock                 Conj/Air       #...         10%         1    N/A

Your spell library contained the following spells:

 Spells                   Type           Power        Failure   Level  Hunger
 Lightning Bolt           Conj/Air       #.........   95%         5    N/A
 Swiftness                Chrm/Air       #.......     17%         2    N/A
 Airstrike                Air            ##........   52%         4    N/A
 Static Discharge         Conj/Air       #.......     30%         3    N/A

Dungeon Overview and Level Annotations

Branches:
Dungeon (4/15)
 Temple: D:4-7

Altars:


Innate Abilities, Weirdness & Mutations

You do not eat or drink.
Your flesh is vulnerable to fire.
You are immune to poison.
Your flesh is cold resistant. (rC+)
You are immune to negative energy. (rN+++)
You are immune to unholy pain and torment.
You can survive without breathing.


Message History

Really read
d - a scroll labeled VEVALO LIYQI {!r}?
As you read the scroll labeled VEVALO LIYQI {!r}, it crumbles to dust.
You hear a loud clanging noise!
It was a scroll of noise {!r}.
You hear an angry hiss. x3
Really read
e - a scroll labeled TAARGH UWKIETRIGA {!r}?
As you read the scroll labeled TAARGH UWKIETRIGA {!r}, it crumbles to dust.
You feel as if something is helping you.
It was a scroll of remove curse {!r}.
Put on which piece of jewellery? (? for menu, Esc to quit)
You remove your ring of attention.
An adder comes into view.
Drop what? 4/52 slots (_ for help) (? for menu, Esc to quit)
You drop an uncursed ring of attention.
Found 17 sling bullets.
The adder closely misses you.
You miss the adder. The adder barely misses you.
You closely miss the adder. The adder barely misses you.
You hit the adder. You freeze the adder.
The adder is lightly wounded.
The adder bites you but does no damage. The adder closely misses you.
You hit the adder. You freeze the adder.
The adder is moderately wounded.
The adder completely misses you.
You closely miss the adder.
The adder is moderately wounded.
The adder bites you. The adder misses you.
You barely miss the adder.
The adder is moderately wounded.
The adder bites you.
You barely miss the adder.
The adder is moderately wounded.
The adder closely misses you. x2
You barely miss the adder.
The adder is moderately wounded.
The adder bites you.
* * * LOW HITPOINT WARNING * * *
You closely miss the adder.
The adder is moderately wounded.
The adder closely misses you.
You barely miss the adder.
The adder is moderately wounded.
The adder closely misses you. The adder barely misses you.
You closely miss the adder.
The adder is moderately wounded.
The adder bites you.
* * * LOW HITPOINT WARNING * * *
You closely miss the adder.
The adder is moderately wounded.
The adder closely misses you. The adder barely misses you.
You completely miss the adder.
The adder is moderately wounded.
The adder closely misses you.
You closely miss the adder.
The adder is moderately wounded.
The adder closely misses you. The adder barely misses you.
You closely miss the adder.
The adder is moderately wounded.
The adder bites you.
* * * LOW HITPOINT WARNING * * *
You miss the adder.
The adder is moderately wounded.
The adder completely misses you. The adder bites you.
You die...

#.....#
#.....#
#.....#
#.....#
#.....#
##.....##
........=#
.........+
........@#
........S#
.........#
.........#
.........#
#####....
#..(.
#....


You could see an adder.

Vanquished Creatures
  An adder (D:3)
  A bat (D:2)
  A giant cockroach (D:3)
  2 goblins (D:2)
  A jackal (D:4)
  A frilled lizard (D:2)
  A jackal skeleton (D:2)
8 creatures vanquished.

Notes
Turn   | Place    | Note
-------+----------+-------------------------------------------
     0 | D:1      | Amnesiac the Mummy Air Elementalist began the quest for the Orb.
     0 | D:1      | Reached XP level 1. HP: 13/13 MP: 4/4
   325 | D:3      | Reached XP level 2. HP: 14/19 MP: 6/6
   429 | D:4      | Slain by an adder

Vault maps used:
D:1:      minmay_arrival_open_corners, minmay_strange_pillars, kennysheep_boxes
D:2:      minmay_rat_gold_closets
D:3:      nicolae_overflow_crystal_walls
D:4:      first_ration, kennysheep_generic_room_8, uniq_sigmund

Skill      XL: |  1 |
---------------+----+-----
Spellcasting   | 3 |  3.0
Air Magic      | 3 |  3.0
Dodging        | |  1.5
Stealth        | |  1.5
Conjurations   | |  0.7

Action                   || total
-------------------------++-------
Melee: Whip              ||    42
  Use: Scroll            ||     3
 Stab: Sleeping          ||     1
Armor: Robe              ||     6
Dodge: Dodged            ||    30

Table legend:
 A = Spawn XP
 B = Non-spawn XP
 C = Spawn XP percentage of total XP
 D = Spawn monster count
 E = Non-spawn monster count
 F = Spawn count percentage of total count
 G = Total turns spent on level
                    A         B        C        D         E        F      G
               +---------+---------+-------+---------+---------+-------+---------
         Total |       0 |      25 |   0.0 |       0 |       8 |   0.0 |   429
               +---------+---------+-------+---------+---------+-------+---------
           D:2 |       0 |       8 |   0.0 |       0 |       5 |   0.0 |   227
           D:3 |       0 |      15 |   0.0 |       0 |       2 |   0.0 |   130
           D:4 |       0 |       2 |   0.0 |       0 |       1 |   0.0 |    33
               +---------+---------+-------+---------+---------+-------+---------
